 Dungeon Crawl Stone Soup version 0.29-a0-72-g1732ff48e7 (webtiles) character file.

Game seed: 1083407720026214521

12 lovekoma the Ducker (level 2, 0/24 HPs)
             Began as a Djinni Gladiator on Feb 3, 2022.
             Frozen to death by an endoplasm (3 damage)
             ... on level 1 of the Dungeon.
             The game lasted 00:01:14 (322 turns).

lovekoma the Ducker (Djinni Gladiator)               Turns: 322, Time: 00:01:15

Health: 0/24       AC:  4    Str: 13    XL:     2   Next: 45%
Gold:   0          EV: 12    Int:  9    God:
                   SH:  0    Dex: 14

rFire   + + .      SeeInvis .   a - +0 long sword
rCold   x . .      Faith    .   (no shield)
rNeg    . . .      Spirit   .   b - +0 leather armour
rPois   ∞          Reflect  .   c - +0 helmet
rElec   .          Harm     .   (no cloak)
rCorr   .          Rampage  .   (no gloves)
Will    .....                   (boots unavailable)
Stlth   +.........              (no amulet)
HPRegen 0.08/turn               (no ring)
MPRegen 0.00/turn               (no ring)

@: flying
A: sickness immunity, fire resistance 2, cold vulnerability 1, float, innate
caster, HP casting, extra vitality 1
a: no special abilities


You were on level 1 of the Dungeon.
You visited 1 branch of the dungeon, and saw 1 of its levels.

Inventory:

Hand Weapons
 a - a +0 long sword (weapon)
Missiles
 d - 3 throwing nets (quivered)
Armour
 b - a +0 leather armour (worn)
 c - a +0 helmet (worn)
Potions
 e - a potion of curing {unknown}


   Skills:
 * Level 2.3 Fighting
 * Level 2.9 Long Blades
 + Level 1.7 Throwing
 + Level 0.3 Armour
 + Level 3.3 Dodging


You had one spell level left.
You didn't know any spells.
Your spell library was empty.

Dungeon Overview and Level Annotations

Branches:
Dungeon (1/15)

Altars:

Shops:
D:1 !


Innate Abilities, Weirdness & Mutations

You are immune to sickness and miasma.
You are immune to poison.
Your flesh is very heat resistant. (rF++)
You are vulnerable to cold. (rC-)
You float through the air rather than walking.
You learn spells naturally, not from books.
Your magical power is your life essence.
You have superior vitality. (+4 MHP)


Message History

The jackal is moderately wounded.
The jackal barely misses you.
The jackal bites you but does no damage.
You hit the jackal.
You kill the jackal!
The jackal bites you.
The jackal bites you but does no damage.
You closely miss the jackal.
The endoplasm quivers.
The jackal closely misses you. x2
You hit the jackal but do no damage. The jackal closely misses you.
You closely miss the jackal. The jackal barely misses you.
The jackal bites you but does no damage.
You barely miss the jackal. The jackal barely misses you.
The jackal bites you but does no damage.
The endoplasm freezes you.
You are frozen!
You feel a terrible chill!
You hit the jackal but do no damage. The jackal barely misses you.
The endoplasm hits you but does no damage.
The jackal bites you.
You barely miss the jackal. The jackal barely misses you.
The endoplasm hits you but does no damage.
You hit the endoplasm but do no damage. The jackal barely misses you.
The endoplasm hits you.
The jackal bites you but does no damage.
The endoplasm freezes you.
You are frozen.
* * * LOW HITPOINT WARNING * * *
You hit the endoplasm.
The endoplasm is moderately wounded.
The jackal closely misses you. The jackal barely misses you.
The endoplasm freezes you.
You are frozen.
You feel a terrible chill!
* * * LOW HITPOINT WARNING * * *
You hit the endoplasm.
The endoplasm is almost dead.
The jackal bites you but does no damage.
The endoplasm freezes you.
You are frozen.
You feel a terrible chill!
You die...

#........## #........#
#........#
#.###.#########
#..............
##.##.######### ##+##.#
#. ...########.....# ###.
......)J@.......# #..∩
.......h........# #.#)
...........##...# ####...
...........###..# #......
................# #......
#######.........###......
#.(............##..
#..............##..
................


You could see an endoplasm and a jackal.

Vanquished Creatures
  2 ball pythons (D:1)
  2 endoplasms (D:1)
  2 goblins (D:1)
  A jackal (D:1)
  A frilled lizard (D:1)
  A kobold (D:1)
  2 rats (D:1)
11 creatures vanquished.

Notes
Turn   | Place    | Note
-------+----------+-------------------------------------------
     0 | D:1      | lovekoma the Djinni Gladiator began the quest for the Orb.
     0 | D:1      | Reached XP level 1. HP: 18/18 MP: 0/0
   141 | D:1      | Found Duroro's Distillery.
   220 | D:1      | Reached XP level 2. HP: 22/23 MP: 0/0
   322 | D:1      | Frozen to death by an endoplasm

Illustrated notes

Levels and vault maps discovered:
D:1:      dpeg_arrival_stonehenge_8_columns, layout_basic, serial_shops, shop,
          nicolae_shop_window_shopping, nicolae_shop_crystal,
          nicolae_shop_stone, shop, basic_ecumenical_altar

Action                   || total
-------------------------++-------
Melee: Long sword        ||    33
       Punch             ||     1
Armor: Leather armour    ||    18
Dodge: Dodged            ||    19

Table legend: (Time is in decaauts)
 A = Elapsed time spent in this place.
 B = Non-inter-level travel time spent in this place.
 C = Inter-level travel time spent in this place.
 D = Time resting spent in this place.
 E = Time spent auto-exploring this place.
 F = Levels seen in this place.
 G = Mean time per level.
                   A        B        C        D        E       F      G
               +--------+--------+--------+--------+--------+-----+--------+
         Total |    330 |    330 |      0 |      0 |    248 |   1 |  330.0 |
       Dungeon |    330 |    330 |      0 |      0 |    248 |   1 |  330.0 |
               +--------+--------+--------+--------+--------+-----+--------+

Top non-repeatable levels by time:
     D:1: 330 daAuts
